 Dungeon Crawl Stone Soup version 0.30-a0-883-g5ad918d77d (webtiles) character file.

Game seed: 7403755773478695621

20533 lunkers the Bludgeoner (level 13, -4/113 HPs)
             Began as a Meteoran Berserker on Mar 15, 2023.
             Was an Elder of Trog.
             Slain by a skyshark (10 damage)
             ... on level 5 of the Lair of Beasts.
             The game lasted 00:21:06 (4755 turns).

lunkers the Bludgeoner (Meteoran Berserker)         Turns: 4755, Time: 00:21:06

Health: -4/113     AC: 17    Str: 28    XL:     13   Next: 42%
Magic:  14/14      EV: 13    Int:  9    God:    Trog [****..]
Gold:   449        SH:  0    Dex: 16    Spells: 12/12 levels left

rFire   x . .      SeeInvis .    a - +5 morningstar
rCold   + . .      Faith    .    (no shield)
rNeg    . . .      Spirit   .    m - +1 plate armour
rPois   .          Reflect  .    (no helmet)
rElec   .          Rampage  .    (no cloak)
rCorr   .                        (no gloves)
Will    +....                    i - +0 pair of boots Stlth
                                 (no amulet)
HPRegen 0.38/turn                f - +6 ring of strength
MPRegen 0.14/turn                l - ring of ice

@: lethally poisoned (-4 -> -10), about to teleport, glowing
A: sense surroundings 2, otherworldly, glowing, explore regen
a: Renounce Religion, Berserk, Trog's Hand, Brothers in Arms


You were on level 5 of the Lair of Beasts.
You worshipped Trog.
Trog was greatly pleased with you.
You visited 3 branches of the dungeon, and saw 16 of its levels.

You collected 449 gold pieces.

Inventory:

Hand Weapons
 a - a +5 morningstar (weapon)
 b - a +3 whip of venom
 s - a +0 mace
 y - a +0 flail
 A - a +1 whip of electrocution
Armour
 i - a +0 pair of boots (worn)
 j - a +0 ring mail
 m - a +1 plate armour (worn)
 w - a +0 animal skin
Jewellery
 f - a +6 ring of strength (left hand)
 l - a ring of ice (right hand)
 u - a +6 ring of intelligence
 v - an amulet of faith
 D - a ring of ice
 G - a ring of see invisible
Wands
 d - a wand of flame (58)
 h - a wand of roots (14)
 p - a wand of digging (8)
 x - a wand of mindburst (15)
 F - a wand of light (2)
Scrolls
 c - 2 scrolls of vulnerability
 e - a scroll of teleportation
 g - 3 scrolls of identify
 o - 4 scrolls of enchant armour
 B - a scroll of fog
 E - a scroll of enchant weapon
Potions
 k - 4 potions of curing
 n - 5 potions of attraction
 q - 3 potions of cancellation
 r - 3 potions of brilliance
 t - a potion of magic
 z - a potion of lignification
Miscellaneous
 C - a box of beasts


   Skills:
 + Level 10.2 Fighting
 - Level 16.0 Maces & Flails
 + Level 11.0 Armour
 + Level 10.9 Dodging
 + Level 9.1 Evocations


You had 12 spell levels left.
You didn't know any spells.
Your spell library was empty.

Dungeon Overview and Level Annotations

Branches:
Dungeon (10/15) Zot: 2167  Temple (1/1) D:6 Zot: 478    Lair (5/5) D:10 Zot: 2271
  Swamp (0/4) Lair:3        Slime (0/5) Lair:4
  Snake: Lair:2-3    Spider: Lair:2-3       Orc: D:9-12

Altars:
Ashenzari
Cheibriados
Dithmenos
Elyvilon
Fedhas
Gozag
Hepliaklqana
Kikubaaqudgha
Makhleb
Okawaru
Qazlal
Ru
Sif Muna
Trog
Uskayaw
Vehumet
Wu Jian
Xom
Yredelemnul
Zin
The Shining One

Annotations:
D:9 exclusion: obsidian statue


Innate Abilities, Weirdness & Mutations

You passively map the area around you.
You are easily found by Zot.
You glow in the dark.
You regain HP and MP as you explore.


Message History

You feel very sick.
The bullfrog hits you but does no damage.
The cane toad closely misses you.
The water moccasin bites you but does no damage.
The skyshark barely misses you.
The skyshark tail-slaps you but does no damage.
The skyshark tail-slaps you.
* * * LOW HITPOINT WARNING * * *
Unknown command.
As you read the scroll of teleportation, it crumbles to dust.
You feel strangely unstable.
You feel very sick. The bullfrog hits you.
* * * LOW HITPOINT WARNING * * *
The water moccasin closely misses you. The cane toad stings you!
* * * LOW HITPOINT WARNING * * *
The skyshark misses you. The skyshark closely misses you. x2
The cane toad closely misses you.
The water moccasin attacks as you move away!
The water moccasin misses you.
You feel sick. The skyshark barely misses you. The skyshark closely misses you.
The skyshark barely misses you.
The skyshark bites you but does no damage.
The skyshark closely misses you.
The skyshark tail-slaps you but does no damage.
The water moccasin closely misses you. The cane toad closely misses you.
Unknown command.
You feel sick.
The bullfrog snags a nearby fly with its tongue.
The skyshark bites you!!
* * * LOW HITPOINT WARNING * * *
The skyshark tail-slaps you.
* * * LOW HITPOINT WARNING * * *
The skyshark tail-slaps you!
* * * LOW HITPOINT WARNING * * *
Unknown command.
The skyshark attacks as you move away! The skyshark barely misses you.
The skyshark tail-slaps you.
* * * LOW HITPOINT WARNING * * *
The skyshark tail-slaps you!
You die...

.......~.. ##~~~~~~โ‰ˆ~~~... ,
,
..........##~~~โ‰ˆโ‰ˆ~~~~..P..
, ........~, ~~~~~~~......~.
.......####..P......P..~P. ,
..........####.P.~~....~..
.......................... ,,,
.................FFF......
................FFF.w.....
..####..##......@lSF...... ,
..# *##.######...#........ ,,
..##.##.##.##P..###....#[. ,
..###......##...# .#.## . , ,
...##........#..# ...#* ,
..###...........# ...#* ,
#รท.##........#...# ..# , ** ,
#.###.......##..#... * * ,,
..##......###....##. ,, *


You could see a skyshark (berserk), a tyrant leech, 3 cane toads, a blink frog,
a water moccasin and 3 bullfrogs.

Vanquished Creatures
  3 hydras
  Fannar (D:10)
  A boulder beetle (D:9)
  3 death yaks (D:10)
  2 two-headed ogres
  8 elephants
  7 cane toads
  An unseen horror (D:10)
  A polar bear (Lair:5)
  A tyrant leech (Lair:5)
  7 blink frogs
  A vampire (D:10)
  2 wyverns
  24 yaks
  A basilisk (Lair:5)
  4 vampire mosquitoes (Lair:5)
  3 water moccasins
  2 orc warriors
  A black bear (D:5)
  3 wolves
  4 centaurs
  A kobold brigand (D:8)
  9 bullfrogs
  3 scorpions
  5 wights (D:7)
  A howler monkey (D:9)
  9 crimson imps (D:10)
  3 hounds
  2 jellies
  An iguana (D:6)
  2 orc priests
  A gnoll bouda (D:5)
  Ijyb (D:5)
  Terence (D:2)
  13 orc wizards
  A sleepcap (D:7)
  11 gnolls
  2 adders
  An ufetubus (D:6)
  2 worms
  A dart slug (D:1)
  28 orcs
  4 ball pythons
  5 endoplasms
  2 giant cockroaches
  3 goblins
  4 hobgoblins
  2 jackals (D:3)
  2 bats
  A frilled lizard (D:1)
  7 kobolds
  5 rats
213 creatures vanquished.

Vanquished Creatures (others)
  An orc wizard (D:10)
  A quokka (D:10)
  13 fungi
  52 plants
67 creatures vanquished.

Grand Total: 280 creatures vanquished

Notes
Turn   | Place    | Note
-------+----------+-------------------------------------------
     0 | D:1      | lunkers the Meteoran Berserker began the quest for the Orb.
     0 | D:1      | Reached XP level 1. HP: 19/19 MP: 2/2
    59 | D:1      | Found a faded altar of an unknown god.
   192 | D:1      | Reached XP level 2. HP: 26/26 MP: 3/3
   272 | D:2      | Reached skill level 5 in Maces & Flails
   272 | D:2      | Reached XP level 3. HP: 7/31 MP: 4/4
   416 | D:2      | Noticed Terence
   427 | D:2      | Killed Terence
   428 | D:2      | Reached skill level 6 in Maces & Flails
   428 | D:2      | Reached XP level 4. HP: 38/38 MP: 5/5
   595 | D:3      | Reached XP level 5. HP: 35/45 MP: 6/6
   601 | D:3      | Reached skill level 7 in Maces & Flails
   626 | D:3      | Reached ** piety under Trog
   941 | D:5      | Entered Level 5 of the Dungeon
   949 | D:5      | Noticed Ijyb
   960 | D:5      | Killed Ijyb
   961 | D:5      | Reached XP level 6. HP: 51/51 MP: 7/7
   966 | D:5      | Reached skill level 8 in Maces & Flails
   986 | D:5      | Found an opulent altar of Gozag.
  1156 | D:5      | Noticed a centaur
  1170 | D:5      | Killed a centaur
  1171 | D:5      | Reached skill level 9 in Maces & Flails
  1171 | D:5      | Reached XP level 7. HP: 36/57 MP: 8/8
  1203 | D:5      | Reached skill level 10 in Maces & Flails
  1269 | D:5      | Reached skill level 11 in Maces & Flails
  1269 | D:5      | Reached XP level 8. HP: 40/63 MP: 9/9
  1484 | D:6      | Reached skill level 12 in Maces & Flails
  1594 | D:6      | Found a staircase to the Ecumenical Temple.
  1639 | Temple   | Entered the Ecumenical Temple
  1861 | D:6      | Gained mutation: You passively map the area around you.
                  | [Meteoran growth]
  1861 | D:6      | Reached XP level 9. HP: 57/71 MP: 10/10
  1978 | D:7      | Reached *** piety under Trog
  2218 | D:7      | Reached skill level 5 in Fighting
  2295 | D:7      | Reached skill level 5 in Armour
  2322 | D:7      | Reached skill level 5 in Dodging
  2537 | D:8      | Found an ornate altar of the Wu Jian Council.
  2597 | D:8      | Noticed a two-headed ogre
  2604 | D:8      | Killed a two-headed ogre
  2605 | D:8      | Reached skill level 13 in Maces & Flails
  2605 | D:8      | Reached skill level 1 in Evocations
  2605 | D:8      | Reached XP level 10. HP: 83/83 MP: 11/11
  3073 | D:9      | Reached skill level 14 in Maces & Flails
  3152 | D:9      | Noticed a two-headed ogre
  3160 | D:9      | Killed a two-headed ogre
  3171 | D:9      | Noticed an obsidian statue
  3302 | D:9      | Noticed a boulder beetle
  3315 | D:9      | Killed a boulder beetle
  3316 | D:9      | Reached XP level 11. HP: 92/92 MP: 12/12
  3338 | D:10     | Entered Level 10 of the Dungeon
  3605 | D:10     | Reached **** piety under Trog
  3790 | D:10     | Reached skill level 5 in Evocations
  3838 | D:10     | Noticed a death yak
  3839 | D:10     | Noticed a death yak
  3851 | D:10     | Killed a death yak
  3852 | D:10     | Reached skill level 15 in Maces & Flails
  3858 | D:10     | Killed a death yak
  3858 | D:10     | Noticed a death yak
  3869 | D:10     | Killed a death yak
  3874 | D:10     | Found a staircase to the Lair.
  3876 | D:10     | Noticed Fannar
  3915 | D:10     | Killed Fannar
  3935 | Lair:1   | Entered Level 1 of the Lair of Beasts
  3956 | D:10     | Found a basalt altar of Yredelemnul.
  3957 | D:10     | Found an ancient bone altar of Kikubaaqudgha.
  3958 | D:10     | Found a shimmering blue altar of Sif Muna.
  4022 | Lair:1   | Reached XP level 12. HP: 26/101 MP: 13/13
  4097 | Lair:2   | You fall into a shaft and drop 1 floor!
  4205 | Lair:4   | Reached skill level 16 in Maces & Flails
  4331 | Lair:4   | Noticed a six-headed hydra
  4344 | Lair:4   | Killed a six-headed hydra
  4413 | Lair:4   | Found a staircase to the Slime Pits.
  4438 | Lair:5   | Entered Level 5 of the Lair of Beasts
  4484 | Lair:5   | Reached skill level 10 in Armour
  4497 | Lair:5   | Reached skill level 10 in Dodging
  4540 | Lair:5   | Reached XP level 13. HP: 102/111 MP: 14/14
  4657 | Lair:5   | Noticed a seven-headed hydra
  4665 | Lair:5   | Noticed a four-headed hydra
  4682 | Lair:5   | Killed a four-headed hydra
  4683 | Lair:5   | Reached skill level 10 in Fighting
  4685 | Lair:5   | Killed a seven-headed hydra
  4755 | Lair:5   | Slain by a skyshark

Illustrated notes

Levels and vault maps discovered:
D:1:      dpeg_arrival_rooms_a, layout_basic,
          shapermc_ecumenical_altar_totnotflames
D:2:      layout_basic, corexii_leaking_fountain, uniq_crazy_yiuf_cottage,
          uniq_terence
D:3:      layout_basic, minmay_misc_feat_encased, interstate_on_off,
          hangedman_abyss_or_decor_stabs, minmay_statues_item
D:4:      layout_basic, serial_shops, nicolae_shop_statue_plus
D:5:      minmay_octagon_keep, layout_loops_ring, amcnicky_altar_gilded,
          uniq_ijyb
D:6:      layout_basic, minmay_temple_entry_proselytizer
D:7:      layout_gridville, corexii_hall_statues_x, minivault_27,
          kennysheep_crisscross
D:8:      layout_loops_ring, lemuel_round_altar, kennysheep_cross_room,
          minmay_strange_pillars, bh_walls_and_bars
D:9:      layout_big_octagon, nemelex_spade_bored_becter, minivault_16,
          nzn_sisyphean_effort
D:10:     layout_loops_ring, minitemple, dpeg_lair_monsters, special_room
          [special_room_bee], minmay_nine_imps, uniq_fannar
Temple:   kb_temple_of_zot
Lair:1:   layout_hall_layers, serial_bayou_shore_b
Lair:2:   layout_regular_city, minivault_27, grunt_megastairs_2
Lair:3:   layout_regular_city, palyth_hydra_swamp_entry,
          nicolae_snake_entry_squirm, serial_bayou_lagoon_a, uniq_gastronok
Lair:4:   layout_regular_city, slime_entry_1
Lair:5:   minmay_lair_end_frog_pond, layout_regular_city, uniq_sonja

Skill      XL: |  1  2  3  4  5  6  7  8  9 10 11 12 13 |
---------------+----------------------------------------+-----
Maces & Flails | 5 6 7 9 11 12 13 14 15 16 | 16.0
Armour         | 3 5 7 8 10 11 | 11.0
Dodging        | 3 5 7 8 10 | 10.9
Fighting       | 4 5 7 8 9 10 | 10.2
Evocations     | 1 4 6 8 9 |  9.1

Action                     |  1- 3 |  4- 6 |  7- 9 | 10-12 | 13-15 || total
---------------------------+-------+-------+-------+-------+-------++-------
  Melee: Mace              |    48 |    99 |    49 |       |       ||   196
         Punch             |       |     1 |     3 |     9 |     2 ||    15
         Whip              |       |       |   160 |       |       ||   160
         Morningstar       |       |       |    24 |   393 |    91 ||   508
 Invoke: Berserk           |     2 |     1 |     4 |     8 |     1 ||    16
         Trog's Hand       |       |       |     2 |     1 |       ||     3
  Evoke: Wand              |       |       |     3 |     2 |       ||     5
    Use: Scroll            |       |       |    14 |     4 |     1 ||    19
 Armour: Animal skin       |     8 |       |       |       |       ||     8
         Ring mail         |     1 |     2 |       |       |       ||     3
         Plate armour      |       |    95 |   110 |   190 |    47 ||   442
  Dodge: Dodged            |    26 |    29 |    48 |   122 |    67 ||   292

Table legend: (Time is in decaauts)
 A = Elapsed time spent in this place.
 B = Non-inter-level travel time spent in this place.
 C = Inter-level travel time spent in this place.
 D = Time resting spent in this place.
 E = Time spent auto-exploring this place.
 F = Levels seen in this place.
 G = Mean time per level.
                   A        B        C        D        E       F      G
               +--------+--------+--------+--------+--------+-----+--------+
         Total |   4681 |   4518 |    163 |      3 |   2695 |  16 |  292.6 |
       Dungeon |   3832 |   3669 |    163 |      0 |   2328 |  10 |  383.2 |
        Temple |    121 |    121 |      0 |      0 |     73 |   1 |  121.0 |
          Lair |    728 |    728 |      0 |      3 |    293 |   5 |  145.6 |
               +--------+--------+--------+--------+--------+-----+--------+

Top non-repeatable levels by time:
    D:10: 618 daAuts
     D:7: 559 daAuts
     D:8: 466 daAuts
     D:6: 435 daAuts
     D:5: 426 daAuts
     D:9: 358 daAuts
  Lair:5: 284 daAuts
     D:2: 281 daAuts
     D:1: 276 daAuts
     D:3: 245 daAuts
  Lair:4: 239 daAuts
     D:4: 163 daAuts
  Lair:1: 124 daAuts
  Temple: 121 daAuts
  Lair:3: 80 daAuts
